Nashville Predators vs Los Angeles Kings
Created - Thursday, May 11, 2023 at 07:49
Goals
|
| Nashville Predators |
0 |
0 |
2 |
0 |
1 |
3 |
| Los Angeles Kings |
1 |
0 |
1 |
0 |
0 |
2 |
|
Shots
|
| Nashville Predators |
8 |
10 |
17 |
1 |
4 |
36 |
| Los Angeles Kings |
18 |
3 |
11 |
5 |
4 |
37 |
|
1st period
1. Los Angeles Kings , Tyler Gaudet 4 (Seth Jarvis 22, Andrei Svechnikov 30) at 4:55
Penalties :
No Penalty
2nd period
No Goal
Penalties :
Janne Kuokkanen (NSH) for Diving (Minor) at 9:09, Andrei Svechnikov (LAK) for Hooking (Minor) at 14:01, Pat Maroon (NSH) for Hooking (Minor) at 17:00
3rd period
2. Nashville Predators , Nate Schmidt 1 (Pat Maroon 14, Loui Eriksson 19) at 2:30
3. Nashville Predators , Pat Maroon 21 (Justin Braun 10, Loui Eriksson 20) at 11:35
4. Los Angeles Kings , Seth Jarvis 21 (Andrei Svechnikov 31, Tyler Gaudet 5) at 15:37 (PP)
Penalties :
Justin Braun (NSH) for Interference (Minor) at 15:25, Peyton Krebs (LAK) for Roughing (Minor) at 19:05
Overtime #1
No Goal
Penalties :
No Penalty
Shootout
Nashville Predators, Brandon Saad - Stopped by John Gibson
Los Angeles Kings, Tyler Gaudet - Stopped by Anthony Stolarz
Nashville Predators, Corey Perry - Shot Misses the Net
Los Angeles Kings, Nicklas Backstrom - Stopped by Anthony Stolarz
Nashville Predators, Sam Gagner - Shot Misses the Net
Los Angeles Kings, Kirby Dach - Stopped by Anthony Stolarz
Nashville Predators, Pat Maroon - Goal!
Los Angeles Kings, Dominik Kubalik - Stopped by Anthony Stolarz
Penalties :
No Penalty
Goalie Stats
Anthony Stolarz (NSH), 35 saves from 37 shots - (0.946), W, 12-16-7, 65:00 minutes
John Gibson (LAK), 34 saves from 36 shots - (0.944), OTL, 16-13-3, 65:00 minutes
Players Stats for Nashville Predators
Player Name G A P +/- PIM S H SB GA TA FO MP PP MP PK MP
------------------------------------------------------------------------------------
Artem Zub 0 0 0 2 0 1 3 1 0 0 0/0 22:57 0:56 2:23
Bowen Byram 0 0 0 -1 0 1 0 2 0 1 0/0 18:33 1:57 0:06
Brandon Saad 0 0 0 0 0 0 0 1 0 1 3/6 20:21 1:38 2:21
Cale Makar 0 0 0 0 0 11 0 0 1 2 0/0 26:29 1:57 2:03
Corey Perry 0 0 0 0 0 0 0 0 3 0 1/1 20:16 1:38 2:18
Jake Muzzin 0 0 0 -1 0 1 1 4 0 1 0/0 20:48 0:56 1:53
Janne Kuokkanen 0 0 0 0 2 2 0 0 1 1 1/1 14:01 0:00 0:00
Justin Braun 0 1 1 1 2 1 1 3 0 1 0/0 23:55 0:00 1:55
Loui Eriksson 0 2 2 1 0 5 2 0 2 1 0/0 14:24 1:15 0:38
Nate Schmidt 1 0 1 1 0 2 0 1 0 0 0/0 16:45 0:00 0:00
Nick Bjugstad 0 0 0 0 0 1 2 0 0 0 0/1 15:07 0:00 0:55
Nolan Patrick 0 0 0 0 0 3 0 0 0 0 9/13 14:57 0:00 0:42
Pat Maroon 1 1 2 1 2 1 3 0 0 0 0/2 16:01 1:15 0:46
Riley Nash 0 0 0 0 0 2 1 0 0 0 0/0 13:16 0:00 0:00
Ryan Carpenter 0 0 0 0 0 0 0 0 0 0 1/1 13:03 0:00 0:00
Sam Gagner 0 0 0 0 0 0 0 1 0 0 6/11 16:37 1:38 0:40
Thomas Novak 0 0 0 0 0 3 0 0 0 1 5/10 14:31 0:00 0:00
Zemgus Girgensons 0 0 0 1 0 2 4 0 0 0 5/11 13:46 1:15 0:00
Players Stats for Los Angeles Kings
Player Name G A P +/- PIM S H SB GA TA FO MP PP MP PK MP
------------------------------------------------------------------------------------
Andrei Svechnikov 0 2 2 0 2 3 2 0 0 0 0/0 16:26 2:01 0:00
Cooper Marody 0 0 0 0 0 3 0 0 1 0 2/4 13:41 0:00 1:43
Dominik Kubalik 0 0 0 0 0 3 3 0 0 0 0/0 18:12 2:09 0:00
Erik Brannstrom 0 0 0 -1 0 3 2 0 0 0 0/0 24:50 2:17 1:50
Evan Polei 0 0 0 0 0 0 0 0 1 0 0/1 13:59 0:00 1:35
Jakub Zboril 0 0 0 0 0 0 1 0 0 1 0/0 15:22 0:00 0:00
K'Andre Miller 0 0 0 0 0 1 1 4 0 1 0/0 24:48 1:53 2:08
Kirby Dach 0 0 0 0 0 4 5 1 1 0 2/3 18:18 2:09 0:00
Matt Tennyson 0 0 0 0 0 1 0 0 0 0 1/1 11:58 0:00 0:00
Mike Matheson 0 0 0 -1 0 5 0 2 0 2 0/0 24:50 2:17 1:50
Nicklas Backstrom 0 0 0 0 0 2 0 0 2 0 8/18 18:17 2:09 0:00
Noah Dobson 0 0 0 0 0 0 4 1 1 1 0/0 24:48 1:53 2:08
Peyton Krebs 0 0 0 -1 2 1 0 1 1 0 4/8 13:50 0:00 0:57
Rasmus Sandin 0 0 0 0 0 0 0 1 0 0 0/0 15:22 0:00 0:00
Ryan Reaves 0 0 0 -1 0 2 3 1 0 2 1/3 13:51 0:00 1:18
Seth Jarvis 1 1 2 0 0 7 2 0 2 0 6/15 17:53 2:01 0:00
Tyler Gaudet 1 1 2 0 0 2 1 0 0 0 2/2 16:17 2:01 0:00
Vitaly Kravtsov 0 0 0 -1 0 0 0 1 0 0 0/2 13:18 0:00 1:18
3 Stars
1 - Pat Maroon (NSH)
2 - Anthony Stolarz (NSH)
3 - Seth Jarvis (LAK)
Power Play
Nashville Predators - 0 on 2 Attempt(s) - 0.00%
Los Angeles Kings - 1 on 3 Attempt(s) - 33.33%
Penalty Kill
Nashville Predators - 2 on 3 Attempt(s) - 66.67%
- Score 0 goal in Penalty Kill
Los Angeles Kings - 2 on 2 Attempt(s) - 100.00%
- Score 0 goal in Penalty Kill
Team Stat
Nashville Predators - Hits : 17 - Faceoff Wins : 31 - Blocked Shots : 13 - Penalty Minutes : 6
Los Angeles Kings - Hits : 24 - Faceoff Wins : 26 - Blocked Shots : 12 - Penalty Minutes : 4
Official
Referees : Dave Lewis and Tom Chmielewski
Linesman : Greg Devorski and Trent Knorr
Game Notes
2:30 of 3rd period - Nashville Predators goal is going for a video replay. After video review, Goal.
Finance
Level 1 -- Attendance: 5075 (84.58%) -- Ticket Income $507,500
Level 2 -- Attendance: 3968 (79.36%) -- Ticket Income $238,080
Level 3 -- Attendance: 2556 (85.20%) -- Ticket Income $89,460
Level 4 -- Attendance: 3777 (75.54%) -- Ticket Income $94,425
Luxury Box -- Attendance: 781 (78.10%) -- Ticket Income $156,200
Game was played at the Staples Center.
Total Attendance: 16157 (80.79%)
Total Ticket Income: $1,085,665
Other Income: $379,983
Total Income: $1,465,648
Nashville Predators
5 vs 5 Forward
Center Left Wing Right Wing Time % Phy DF OF
1 Sam Gagner Brandon Saad Corey Perry 26 1 2 2
2 Zemgus Girgensons Pat Maroon Loui Eriksson 25 1 2 2
3 Thomas Novak Janne Kuokkanen Nick Bjugstad 25 1 2 2
4 Nolan Patrick Riley Nash Ryan Carpenter 24 1 2 2
5 vs 5 Defense
Defense Defense Time % Phy DF OF
1 Cale Makar Justin Braun 40 1 2 2
2 Nate Schmidt Artem Zub 30 1 2 2
3 Bowen Byram Jake Muzzin 20 1 2 2
4 Artem Zub Justin Braun 10 1 2 2
PowerPlay Forward
Center Left Wing Right Wing Time % Phy DF OF
1 Sam Gagner Brandon Saad Corey Perry 60 1 2 2
2 Zemgus Girgensons Pat Maroon Loui Eriksson 40 1 2 2
PowerPlay Defense
Defense Defense Time % Phy DF OF
1 Bowen Byram Cale Makar 60 1 2 2
2 Artem Zub Jake Muzzin 40 1 2 2
Penalty Kill 4 Players Forward
Center Wing Time % Phy DF OF
1 Brandon Saad Corey Perry 60 1 2 2
2 Sam Gagner Pat Maroon 40 1 2 2
Penalty Kill 4 Players Defense
Defense Defense Time % Phy DF OF
1 Jake Muzzin Justin Braun 60 1 2 2
2 Artem Zub Cale Makar 40 1 2 2
Penalty Kill - 3 Players Forward
Forward Time % Phy DF OF
1 Brandon Saad 60 1 2 2
2 Corey Perry 40 1 2 2
Penalty Kill - 3 Players Defense
Defense Defense Time % Phy DF OF
1 Jake Muzzin Justin Braun 60 1 2 2
2 Artem Zub Cale Makar 40 1 2 2
4 vs 4 Forward
Center Wing Time % Phy DF OF
1 Brandon Saad Corey Perry 60 1 2 2
2 Sam Gagner Pat Maroon 40 1 2 2
4 vs 4 Defense
Defense Defense Time % Phy DF OF
1 Jake Muzzin Cale Makar 60 1 2 2
2 Artem Zub Nate Schmidt 40 1 2 2
Last Minutes Offensive
Center Left Wing Right Wing Defense Defense
Sam Gagner Brandon Saad Corey Perry Bowen Byram Cale Makar
Last Minutes Defensive
Center Left Wing Right Wing Defense Defense
Sam Gagner Brandon Saad Corey Perry Jake Muzzin Justin Braun
Goaltenders
Starting : Anthony Stolarz
Backup : Alexandar Georgiev
Extra Forwards
Normal : Nolan Patrick, Thomas Novak, Nick Bjugstad - PP : Janne Kuokkanen, Thomas Novak - PK : Nick Bjugstad
Extra Defensemen
Normal : Cale Makar, Jake Muzzin, Artem Zub - PP : Cale Makar - PK : Jake Muzzin, Artem Zub
Penalty Shots
Brandon Saad, Corey Perry, Sam Gagner, Pat Maroon, Zemgus Girgensons
Los Angeles Kings
5 vs 5 Forward
Center Left Wing Right Wing Time % Phy DF OF
1 Nicklas Backstrom Dominik Kubalik Kirby Dach 30 1 2 2
2 Seth Jarvis Tyler Gaudet Andrei Svechnikov 30 1 2 2
3 Peyton Krebs Vitaly Kravtsov Ryan Reaves 25 1 2 2
4 Cooper Marody Matt Tennyson Evan Polei 15 1 2 2
5 vs 5 Defense
Defense Defense Time % Phy DF OF
1 Noah Dobson K'Andre Miller 35 1 2 2
2 Mike Matheson Erik Brannstrom 35 1 2 2
3 Jakub Zboril Rasmus Sandin 30 1 2 2
4 Noah Dobson K'Andre Miller 0 1 2 2
PowerPlay Forward
Center Left Wing Right Wing Time % Phy DF OF
1 Nicklas Backstrom Dominik Kubalik Kirby Dach 50 1 2 2
2 Seth Jarvis Tyler Gaudet Andrei Svechnikov 50 1 2 2
PowerPlay Defense
Defense Defense Time % Phy DF OF
1 Noah Dobson K'Andre Miller 50 1 2 2
2 Mike Matheson Erik Brannstrom 50 1 2 2
Penalty Kill 4 Players Forward
Center Wing Time % Phy DF OF
1 Peyton Krebs Evan Polei 50 1 2 2
2 Cooper Marody Vitaly Kravtsov 50 1 2 2
Penalty Kill 4 Players Defense
Defense Defense Time % Phy DF OF
1 Noah Dobson K'Andre Miller 50 1 2 2
2 Mike Matheson Erik Brannstrom 50 1 2 2
Penalty Kill - 3 Players Forward
Forward Time % Phy DF OF
1 Peyton Krebs 50 1 2 2
2 Cooper Marody 50 1 2 2
Penalty Kill - 3 Players Defense
Defense Defense Time % Phy DF OF
1 Noah Dobson K'Andre Miller 50 1 2 2
2 Mike Matheson Erik Brannstrom 50 1 2 2
4 vs 4 Forward
Center Wing Time % Phy DF OF
1 Nicklas Backstrom Dominik Kubalik 50 1 2 2
2 Kirby Dach Seth Jarvis 50 1 2 2
4 vs 4 Defense
Defense Defense Time % Phy DF OF
1 Noah Dobson K'Andre Miller 50 1 2 2
2 Mike Matheson Erik Brannstrom 50 1 2 2
Last Minutes Offensive
Center Left Wing Right Wing Defense Defense
Nicklas Backstrom Dominik Kubalik Kirby Dach Noah Dobson K'Andre Miller
Last Minutes Defensive
Center Left Wing Right Wing Defense Defense
Nicklas Backstrom Dominik Kubalik Kirby Dach Noah Dobson K'Andre Miller
Goaltenders
Starting : John Gibson
Backup : Jonas Johansson
Extra Forwards
Normal : Evan Polei, Peyton Krebs, Ryan Reaves - PP : Evan Polei, Peyton Krebs - PK : Ryan Reaves
Extra Defensemen
Normal : Jakub Zboril, Rasmus Sandin, Mike Matheson - PP : Jakub Zboril - PK : Rasmus Sandin, Mike Matheson
Penalty Shots
Tyler Gaudet, Nicklas Backstrom, Kirby Dach, Dominik Kubalik, Andrei Svechnikov
% Time on Ice - Nashville Predators
Lines # - Real PCT - Wanted PCT - Time Play
Normal Forward
1 - 26% - 26% - 13:47
2 - 24% - 25% - 12:31
3 - 26% - 25% - 13:36
4 - 25% - 24% - 13:03
Normal Defense
1 - 37% - 40% - 19:43
2 - 29% - 30% - 15:24
3 - 28% - 20% - 14:45
4 - 6% - 10% - 3:05
PP Forward
1 - 57% - 60% - 1:38
2 - 43% - 40% - 1:15
PP Defense
1 - 68% - 60% - 1:57
2 - 32% - 40% - 0:56
PK Forward
1 - 84% - 60% - 3:30
2 - 16% - 40% - 0:40
PK Defense
1 - 54% - 60% - 2:16
2 - 46% - 40% - 1:54
PK3 Forward
1 - 0% - 60%
2 - 0% - 40%
PK3 Defense
1 - 0% - 60%
2 - 0% - 40%
44 Forward
1 - 81% - 60% - 4:02
2 - 19% - 40% - 0:58
44 Defense
1 - 67% - 60% - 3:20
2 - 33% - 40% - 1:40
Last Minute Offensive - 0:00
Last Minute Defensive - 0:00
Total
Forward - 65:00
Defense - 65:00
|
% Time on Ice - Los Angeles Kings
Lines # - Real PCT - Wanted PCT - Time Play
Normal Forward
1 - 28% - 30% - 14:43
2 - 27% - 30% - 14:16
3 - 23% - 25% - 12:00
4 - 23% - 15% - 11:58
Normal Defense
1 - 35% - 35% - 18:43
2 - 36% - 35% - 18:52
3 - 29% - 30% - 15:22
4 - 0% - 0% - 0:00
PP Forward
1 - 52% - 50% - 2:09
2 - 48% - 50% - 2:01
PP Defense
1 - 45% - 50% - 1:53
2 - 55% - 50% - 2:17
PK Forward
1 - 55% - 50% - 1:35
2 - 45% - 50% - 1:18
PK Defense
1 - 52% - 50% - 1:30
2 - 48% - 50% - 1:23
PK3 Forward
1 - 62% - 50% - 0:40
2 - 38% - 50% - 0:25
PK3 Defense
1 - 58% - 50% - 0:38
2 - 42% - 50% - 0:27
44 Forward
1 - 54% - 50% - 2:08
2 - 46% - 50% - 1:47
44 Defense
1 - 53% - 50% - 2:04
2 - 47% - 50% - 1:51
Last Minute Offensive - 0:00
Last Minute Defensive - 0:00
Total
Forward - 65:00
Defense - 65:00
|
Play-by-Play
1st period
0:01 of 1st period - Nicklas Backstrom wins face-off versus Sam Gagner in neutral zone.
0:09 of 1st period - Icing by Cale Makar.
0:10 of 1st period - Sam Gagner wins face-off versus Nicklas Backstrom in Nashville Predators zone.
0:27 of 1st period - Slapshot by Brandon Saad.
0:27 of 1st period - Shot Misses the Net.
0:29 of 1st period - Slapshot by Cale Makar.
0:29 of 1st period - Stopped by John Gibson without a rebound.
0:30 of 1st period - Zemgus Girgensons wins face-off versus Seth Jarvis in Los Angeles Kings zone.
1:43 of 1st period - Wrist shot by Dominik Kubalik.
1:43 of 1st period - Stopped by Anthony Stolarz with a rebound.
1:45 of 1st period - Slapshot by Dominik Kubalik.
1:45 of 1st period - Stopped by Anthony Stolarz with a rebound.
2:11 of 1st period - Snap shot by Thomas Novak.
2:11 of 1st period - Shot Blocked by Ryan Reaves.
3:20 of 1st period - Snap shot by Zemgus Girgensons.
3:20 of 1st period - Shot Blocked by Vitaly Kravtsov.
4:03 of 1st period - Slapshot by Cale Makar.
4:03 of 1st period - Stopped by John Gibson without a rebound.
4:04 of 1st period - Nolan Patrick wins face-off versus Nicklas Backstrom in Los Angeles Kings zone.
4:39 of 1st period - Snap shot by Nick Bjugstad.
4:39 of 1st period - Shot Misses the Net.
4:53 of 1st period - Snap shot by Seth Jarvis.
4:53 of 1st period - Stopped by Anthony Stolarz with a rebound.
4:55 of 1st period - Wrist shot by Tyler Gaudet.
4:55 of 1st period - Goal by Tyler Gaudet - Nashville Predators : 0 - Los Angeles Kings : 1.
4:56 of 1st period - Tyler Gaudet wins face-off versus Sam Gagner in neutral zone.
5:52 of 1st period - Wrist shot by Nicklas Backstrom.
5:52 of 1st period - Stopped by Anthony Stolarz with a rebound.
6:06 of 1st period - Wrist shot by Zemgus Girgensons.
6:06 of 1st period - Deflect By Loui Eriksson.
6:06 of 1st period - Deflect By Kirby Dach.
6:06 of 1st period - Stopped by John Gibson with a rebound.
6:32 of 1st period - Snap shot by Dominik Kubalik.
6:32 of 1st period - Stopped by Anthony Stolarz without a rebound.
6:33 of 1st period - Ryan Carpenter wins face-off versus Vitaly Kravtsov in Nashville Predators zone.
6:33 of 1st period - Ryan Carpenter is hit by Erik Brannstrom.
7:35 of 1st period - Off-side.
7:36 of 1st period - Janne Kuokkanen wins face-off versus Vitaly Kravtsov in neutral zone.
7:41 of 1st period - Slapshot by Cale Makar.
7:41 of 1st period - Shot Misses the Net.
7:43 of 1st period - Slapshot by Janne Kuokkanen.
7:43 of 1st period - Deflect By Thomas Novak.
7:43 of 1st period - Shot Blocked by Noah Dobson.
7:43 of 1st period - Puck is out of play.
7:44 of 1st period - Peyton Krebs wins face-off versus Thomas Novak in Los Angeles Kings zone.
7:54 of 1st period - Slapshot by Cale Makar.
7:54 of 1st period - Stopped by John Gibson with a rebound.
8:06 of 1st period - Slapshot by Cale Makar.
8:06 of 1st period - Shot Blocked by Peyton Krebs.
8:08 of 1st period - Snap shot by Nick Bjugstad.
8:08 of 1st period - Shot Blocked by K'Andre Miller.
8:10 of 1st period - Snap shot by Cale Makar.
8:10 of 1st period - Shot Blocked by K'Andre Miller.
8:12 of 1st period - Wrist shot by Cale Makar.
8:12 of 1st period - Stopped by John Gibson without a rebound.
8:13 of 1st period - Nolan Patrick wins face-off versus Evan Polei in Los Angeles Kings zone.
8:29 of 1st period - Icing by Riley Nash.
8:30 of 1st period - Nolan Patrick wins face-off versus Nicklas Backstrom in Nashville Predators zone.
10:00 of 1st period - Justin Braun is hit by Ryan Reaves and loses puck.
10:31 of 1st period - Wrist shot by Thomas Novak.
10:31 of 1st period - Stopped by John Gibson with a rebound.
10:33 of 1st period - Slapshot by Cale Makar.
10:33 of 1st period - Stopped by John Gibson without a rebound.
10:34 of 1st period - Sam Gagner wins face-off versus Seth Jarvis in Los Angeles Kings zone.
10:45 of 1st period - Wrist shot by Andrei Svechnikov.
10:45 of 1st period - Shot Blocked by Nate Schmidt.
10:47 of 1st period - Slapshot by Mike Matheson.
10:47 of 1st period - Shot Blocked by Sam Gagner.
10:49 of 1st period - Snap shot by Seth Jarvis.
10:49 of 1st period - Shot Misses the Net.
11:21 of 1st period - Snap shot by Nolan Patrick.
11:21 of 1st period - Stopped by John Gibson without a rebound.
11:22 of 1st period - Nolan Patrick wins face-off versus Cooper Marody in Los Angeles Kings zone.
11:58 of 1st period - Slapshot by Erik Brannstrom.
11:58 of 1st period - Shot Misses the Net.
12:00 of 1st period - Snap shot by Matt Tennyson.
12:00 of 1st period - Shot Blocked by Brandon Saad.
12:07 of 1st period - Slapshot by Matt Tennyson.
12:07 of 1st period - Stopped by Anthony Stolarz with a rebound.
12:11 of 1st period - Slapshot by Mike Matheson.
12:11 of 1st period - Stopped by Anthony Stolarz with a rebound.
12:13 of 1st period - Slapshot by Erik Brannstrom.
12:13 of 1st period - Stopped by Anthony Stolarz with a rebound.
12:15 of 1st period - Slapshot by Evan Polei.
12:15 of 1st period - Shot Blocked by Bowen Byram.
12:17 of 1st period - Slapshot by Mike Matheson.
12:17 of 1st period - Stopped by Anthony Stolarz with a rebound.
12:19 of 1st period - Slapshot by Mike Matheson.
12:19 of 1st period - Shot Blocked by Jake Muzzin.
12:21 of 1st period - Snap shot by Cooper Marody.
12:21 of 1st period - Stopped by Anthony Stolarz with a rebound.
12:23 of 1st period - Snap shot by Mike Matheson.
12:23 of 1st period - Shot Misses the Net.
12:25 of 1st period - Slapshot by Mike Matheson.
12:25 of 1st period - Stopped by Anthony Stolarz with a rebound.
12:27 of 1st period - Snap shot by Cooper Marody.
12:27 of 1st period - Stopped by Anthony Stolarz with a rebound.
12:54 of 1st period - Slapshot by Cooper Marody.
12:54 of 1st period - Shot Misses the Net.
13:02 of 1st period - Slapshot by Cooper Marody.
13:02 of 1st period - Shot Blocked by Jake Muzzin.
13:46 of 1st period - Wrist shot by Cooper Marody.
13:46 of 1st period - Shot Blocked by Bowen Byram.
14:39 of 1st period - Slapshot by Mike Matheson.
14:39 of 1st period - Deflect By Cooper Marody.
14:39 of 1st period - Stopped by Anthony Stolarz with a rebound.
16:41 of 1st period - Off-side.
16:42 of 1st period - Seth Jarvis wins face-off versus Zemgus Girgensons in neutral zone.
16:49 of 1st period - Wrist shot by Seth Jarvis.
16:49 of 1st period - Stopped by Anthony Stolarz without a rebound.
16:50 of 1st period - Zemgus Girgensons wins face-off versus Seth Jarvis in Nashville Predators zone.
16:57 of 1st period - Wrist shot by Zemgus Girgensons.
16:57 of 1st period - Deflect By Loui Eriksson.
16:57 of 1st period - Shot Misses the Net.
16:57 of 1st period - Puck is out of play.
16:58 of 1st period - Nicklas Backstrom wins face-off versus Zemgus Girgensons in Los Angeles Kings zone.
17:13 of 1st period - Snap shot by Nicklas Backstrom.
17:13 of 1st period - Stopped by Anthony Stolarz without a rebound.
17:14 of 1st period - Seth Jarvis wins face-off versus Nolan Patrick in Nashville Predators zone.
17:23 of 1st period - Wrist shot by Andrei Svechnikov.
17:23 of 1st period - Stopped by Anthony Stolarz with a rebound.
17:25 of 1st period - Snap shot by Seth Jarvis.
17:25 of 1st period - Stopped by Anthony Stolarz with a rebound.
17:27 of 1st period - Snap shot by Andrei Svechnikov.
17:27 of 1st period - Shot Blocked by Justin Braun.
18:33 of 1st period - Janne Kuokkanen is hit by Kirby Dach and loses puck.
18:38 of 1st period - Snap shot by Nicklas Backstrom.
18:38 of 1st period - Shot Blocked by Artem Zub.
19:05 of 1st period - Justin Braun is hit by Noah Dobson.
19:27 of 1st period - Justin Braun is hit by Ryan Reaves and loses puck.
19:42 of 1st period - Rasmus Sandin is hit by Artem Zub and loses puck.
19:53 of 1st period - Riley Nash is hit by Dominik Kubalik and loses puck.
Goals for this period are 0 for Nashville Predators vs 1 for Los Angeles Kings.
Shots for this period are 8 for Nashville Predators vs 18 for Los Angeles Kings.
2nd period
0:01 of 2nd period - Seth Jarvis wins face-off versus Thomas Novak in neutral zone.
0:14 of 2nd period - Wrist shot by Seth Jarvis.
0:14 of 2nd period - Shot Blocked by Justin Braun.
0:20 of 2nd period - K'Andre Miller is hit by Artem Zub and loses puck.
0:31 of 2nd period - Justin Braun is hit by Seth Jarvis and loses puck.
0:44 of 2nd period - Slapshot by Thomas Novak.
0:44 of 2nd period - Deflect By Nick Bjugstad.
0:44 of 2nd period - Shot Misses the Net.
0:44 of 2nd period - Puck is out of play.
0:45 of 2nd period - Nolan Patrick wins face-off versus Nicklas Backstrom in Los Angeles Kings zone.
0:52 of 2nd period - Snap shot by Riley Nash.
0:52 of 2nd period - Stopped by John Gibson with a rebound.
1:10 of 2nd period - Ryan Reaves is hit by Zemgus Girgensons and loses puck.
1:19 of 2nd period - Backhand shot by Zemgus Girgensons.
1:19 of 2nd period - Shot Blocked by Mike Matheson.
2:24 of 2nd period - Wrist shot by Zemgus Girgensons.
2:24 of 2nd period - Deflect By Loui Eriksson.
2:24 of 2nd period - Stopped by John Gibson with a rebound.
2:26 of 2nd period - Wrist shot by Loui Eriksson.
2:26 of 2nd period - Deflect By Pat Maroon.
2:26 of 2nd period - Shot Misses the Net.
2:26 of 2nd period - Puck is out of play.
2:27 of 2nd period - Nicklas Backstrom wins face-off versus Zemgus Girgensons in Los Angeles Kings zone.
3:19 of 2nd period - Thomas Novak is hit by Tyler Gaudet and loses puck.
3:29 of 2nd period - Icing by Justin Braun.
3:30 of 2nd period - Sam Gagner wins face-off versus Cooper Marody in Nashville Predators zone.
3:30 of 2nd period - Sam Gagner is hit by K'Andre Miller.
3:42 of 2nd period - Slapshot by Cale Makar.
3:42 of 2nd period - Shot Misses the Net.
3:44 of 2nd period - Slapshot by Cale Makar.
3:44 of 2nd period - Shot Misses the Net.
3:46 of 2nd period - Slapshot by Cale Makar.
3:46 of 2nd period - Stopped by John Gibson without a rebound.
3:47 of 2nd period - Nicklas Backstrom wins face-off versus Nolan Patrick in Los Angeles Kings zone.
3:47 of 2nd period - Nicklas Backstrom is hit by Artem Zub.
4:25 of 2nd period - Wrist shot by Zemgus Girgensons.
4:25 of 2nd period - Deflect By Peyton Krebs.
4:25 of 2nd period - Stopped by John Gibson with a rebound.
4:41 of 2nd period - Snap shot by Seth Jarvis.
4:41 of 2nd period - Stopped by Anthony Stolarz without a rebound.
4:42 of 2nd period - Nolan Patrick wins face-off versus Seth Jarvis in Nashville Predators zone.
5:07 of 2nd period - Nicklas Backstrom is hit by Justin Braun and loses puck.
5:12 of 2nd period - Wrist shot by Zemgus Girgensons.
5:12 of 2nd period - Shot Blocked by Kirby Dach.
5:19 of 2nd period - Icing by K'Andre Miller.
5:20 of 2nd period - Thomas Novak wins face-off versus Kirby Dach in Los Angeles Kings zone.
5:23 of 2nd period - Slapshot by Janne Kuokkanen.
5:23 of 2nd period - Shot Misses the Net.
5:25 of 2nd period - Snap shot by Nate Schmidt.
5:25 of 2nd period - Stopped by John Gibson with a rebound.
5:27 of 2nd period - Wrist shot by Thomas Novak.
5:27 of 2nd period - Shot Misses the Net.
5:29 of 2nd period - Backhand shot by Artem Zub.
5:29 of 2nd period - Stopped by John Gibson with a rebound.
5:31 of 2nd period - Wrist shot by Artem Zub.
5:31 of 2nd period - Deflect By Thomas Novak.
5:31 of 2nd period - Shot Blocked by K'Andre Miller.
5:31 of 2nd period - Puck is out of play.
5:32 of 2nd period - Zemgus Girgensons wins face-off versus Peyton Krebs in Los Angeles Kings zone.
5:33 of 2nd period - Slapshot by Cale Makar.
5:33 of 2nd period - Shot Blocked by Rasmus Sandin.
6:23 of 2nd period - Nick Bjugstad is hit by Andrei Svechnikov.
6:43 of 2nd period - Erik Brannstrom is hit by Zemgus Girgensons and loses puck.
7:24 of 2nd period - Slapshot by Ryan Carpenter.
7:24 of 2nd period - Shot Misses the Net.
7:26 of 2nd period - Wrist shot by Ryan Carpenter.
7:26 of 2nd period - Shot Misses the Net.
7:28 of 2nd period - Wrist shot by Ryan Carpenter.
7:28 of 2nd period - Deflect By Nolan Patrick.
7:28 of 2nd period - Stopped by John Gibson with a rebound.
7:38 of 2nd period - Jake Muzzin is hit by Jakub Zboril and loses puck.
7:45 of 2nd period - Nicklas Backstrom is hit by Jake Muzzin and loses puck.
8:50 of 2nd period - Slapshot by Riley Nash.
8:50 of 2nd period - Stopped by John Gibson with a rebound.
9:02 of 2nd period - Wrist shot by Andrei Svechnikov.
9:02 of 2nd period - Deflect By Thomas Novak.
9:02 of 2nd period - Shot Misses the Net.
9:02 of 2nd period - Puck is out of play.
9:03 of 2nd period - Nicklas Backstrom wins face-off versus Thomas Novak in Nashville Predators zone.
9:09 of 2nd period - Minor Penalty to Janne Kuokkanen for Diving.
9:10 of 2nd period - Brandon Saad wins face-off versus Nicklas Backstrom in Nashville Predators zone.
10:58 of 2nd period - Kirby Dach is hit by Loui Eriksson and loses puck.
11:09 of 2nd period - Penalty to Janne Kuokkanen is over, Janne Kuokkanen is back on ice.
11:20 of 2nd period - Snap shot by Cale Makar.
11:20 of 2nd period - Stopped by John Gibson with a rebound.
11:58 of 2nd period - Snap shot by Janne Kuokkanen.
11:58 of 2nd period - Shot Misses the Net.
12:17 of 2nd period - Tyler Gaudet is hit by Zemgus Girgensons and loses puck.
12:49 of 2nd period - Rasmus Sandin is hit by Nick Bjugstad.
13:16 of 2nd period - Rasmus Sandin is hit by Loui Eriksson and loses puck.
14:01 of 2nd period - Minor Penalty to Andrei Svechnikov for Hooking.
14:02 of 2nd period - Peyton Krebs wins face-off versus Sam Gagner in Los Angeles Kings zone.
14:15 of 2nd period - Slapshot by K'Andre Miller.
14:15 of 2nd period - Stopped by Anthony Stolarz without a rebound.
14:16 of 2nd period - Sam Gagner wins face-off versus Peyton Krebs in Nashville Predators zone.
14:39 of 2nd period - Wrist shot by Cooper Marody.
14:39 of 2nd period - Shot Misses the Net.
14:41 of 2nd period - Slapshot by K'Andre Miller.
14:41 of 2nd period - Shot Misses the Net.
16:01 of 2nd period - Penalty to Andrei Svechnikov is over, Andrei Svechnikov is back on ice.
16:16 of 2nd period - Wrist shot by Dominik Kubalik.
16:16 of 2nd period - Shot Misses the Net.
16:24 of 2nd period - Wrist shot by Riley Nash.
16:24 of 2nd period - Shot Misses the Net.
17:00 of 2nd period - Minor Penalty to Pat Maroon for Hooking.
17:01 of 2nd period - Brandon Saad wins face-off versus Seth Jarvis in Nashville Predators zone.
17:34 of 2nd period - Justin Braun is hit by Kirby Dach.
17:58 of 2nd period - Artem Zub is hit by Noah Dobson and loses puck.
18:33 of 2nd period - Snap shot by Loui Eriksson.
18:33 of 2nd period - Stopped by John Gibson without a rebound.
18:34 of 2nd period - Nolan Patrick wins face-off versus Nicklas Backstrom in Los Angeles Kings zone.
18:37 of 2nd period - Wrist shot by Loui Eriksson.
18:37 of 2nd period - Deflect By Nolan Patrick.
18:37 of 2nd period - Shot Misses the Net.
18:37 of 2nd period - Puck is out of play.
18:38 of 2nd period - Corey Perry wins face-off versus Nicklas Backstrom in Los Angeles Kings zone.
19:00 of 2nd period - Penalty to Pat Maroon is over, Pat Maroon is back on ice.
19:15 of 2nd period - Slapshot by Pat Maroon.
19:15 of 2nd period - Shot Misses the Net.
19:22 of 2nd period - Icing by Mike Matheson.
19:23 of 2nd period - Seth Jarvis wins face-off versus Thomas Novak in Los Angeles Kings zone.
19:36 of 2nd period - Wrist shot by Kirby Dach.
19:36 of 2nd period - Stopped by Anthony Stolarz without a rebound.
19:37 of 2nd period - Peyton Krebs wins face-off versus Zemgus Girgensons in Nashville Predators zone.
19:52 of 2nd period - Slapshot by Cale Makar.
19:52 of 2nd period - Shot Blocked by K'Andre Miller.
Goals for this period are 0 for Nashville Predators vs 0 for Los Angeles Kings.
Shots for this period are 10 for Nashville Predators vs 3 for Los Angeles Kings.
3rd period
0:01 of 3rd period - Nicklas Backstrom wins face-off versus Zemgus Girgensons in neutral zone.
0:08 of 3rd period - Justin Braun is hit by Dominik Kubalik and loses puck.
1:39 of 3rd period - Snap shot by Loui Eriksson.
1:39 of 3rd period - Stopped by John Gibson without a rebound.
1:40 of 3rd period - Nolan Patrick wins face-off versus Seth Jarvis in Los Angeles Kings zone.
1:47 of 3rd period - Snap shot by Riley Nash.
1:47 of 3rd period - Shot Misses the Net.
2:07 of 3rd period - Thomas Novak is hit by Noah Dobson and loses puck.
2:24 of 3rd period - Snap shot by Pat Maroon.
2:24 of 3rd period - Shot Misses the Net.
2:26 of 3rd period - Wrist shot by Loui Eriksson.
2:26 of 3rd period - Stopped by John Gibson with a rebound.
2:28 of 3rd period - Wrist shot by Pat Maroon.
2:28 of 3rd period - Shot Misses the Net.
2:30 of 3rd period - Snap shot by Nate Schmidt.
2:30 of 3rd period - Nashville Predators goal is going for a video replay.
2:30 of 3rd period - The goal is good.
2:30 of 3rd period - Goal by Nate Schmidt - Nashville Predators : 1 - Los Angeles Kings : 1.
2:31 of 3rd period - Seth Jarvis wins face-off versus Pat Maroon in neutral zone.
2:42 of 3rd period - Snap shot by Seth Jarvis.
2:42 of 3rd period - Shot Misses the Net.
2:44 of 3rd period - Wrist shot by Seth Jarvis.
2:44 of 3rd period - Stopped by Anthony Stolarz with a rebound.
2:46 of 3rd period - Slapshot by Noah Dobson.
2:46 of 3rd period - Deflect By Tyler Gaudet.
2:46 of 3rd period - Stopped by Anthony Stolarz with a rebound.
4:19 of 3rd period - Andrei Svechnikov is hit by Pat Maroon.
5:32 of 3rd period - Tyler Gaudet is hit by Riley Nash.
7:06 of 3rd period - Jakub Zboril is hit by Zemgus Girgensons and loses puck.
7:19 of 3rd period - Wrist shot by Andrei Svechnikov.
7:19 of 3rd period - Stopped by Anthony Stolarz with a rebound.
7:21 of 3rd period - Wrist shot by Andrei Svechnikov.
7:21 of 3rd period - Stopped by Anthony Stolarz without a rebound.
7:22 of 3rd period - Thomas Novak wins face-off versus Nicklas Backstrom in Nashville Predators zone.
7:22 of 3rd period - Thomas Novak is hit by Kirby Dach.
7:34 of 3rd period - Backhand shot by Cale Makar.
7:34 of 3rd period - Stopped by John Gibson with a rebound.
7:36 of 3rd period - Snap shot by Thomas Novak.
7:36 of 3rd period - Stopped by John Gibson with a rebound.
7:38 of 3rd period - Snap shot by Nick Bjugstad.
7:38 of 3rd period - Stopped by John Gibson with a rebound.
7:56 of 3rd period - Snap shot by Zemgus Girgensons.
7:56 of 3rd period - Stopped by John Gibson without a rebound.
7:57 of 3rd period - Nolan Patrick wins face-off versus Peyton Krebs in Los Angeles Kings zone.
8:10 of 3rd period - Snap shot by Ryan Reaves.
8:10 of 3rd period - Shot Misses the Net.
8:12 of 3rd period - Slapshot by Mike Matheson.
8:12 of 3rd period - Deflect By Peyton Krebs.
8:12 of 3rd period - Shot Misses the Net.
8:12 of 3rd period - Puck is out of play.
8:13 of 3rd period - Thomas Novak wins face-off versus Seth Jarvis in Nashville Predators zone.
8:13 of 3rd period - Thomas Novak is hit by Seth Jarvis.
8:19 of 3rd period - Slapshot by Cale Makar.
8:19 of 3rd period - Shot Misses the Net.
9:06 of 3rd period - Wrist shot by Ryan Reaves.
9:06 of 3rd period - Shot Misses the Net.
9:40 of 3rd period - Seth Jarvis is hit by Nick Bjugstad.
9:46 of 3rd period - Slapshot by Thomas Novak.
9:46 of 3rd period - Stopped by John Gibson with a rebound.
9:50 of 3rd period - Slapshot by Janne Kuokkanen.
9:50 of 3rd period - Stopped by John Gibson without a rebound.
9:51 of 3rd period - Nicklas Backstrom wins face-off versus Zemgus Girgensons in Los Angeles Kings zone.
10:02 of 3rd period - Wrist shot by Loui Eriksson.
10:02 of 3rd period - Shot Misses the Net.
10:16 of 3rd period - Nolan Patrick is hit by Ryan Reaves and loses puck.
10:25 of 3rd period - Snap shot by Bowen Byram.
10:25 of 3rd period - Stopped by John Gibson without a rebound.
10:26 of 3rd period - Sam Gagner wins face-off versus Nicklas Backstrom in Los Angeles Kings zone.
11:02 of 3rd period - Slapshot by Nicklas Backstrom.
11:02 of 3rd period - Shot Misses the Net.
11:04 of 3rd period - Slapshot by Mike Matheson.
11:04 of 3rd period - Stopped by Anthony Stolarz with a rebound.
11:06 of 3rd period - Slapshot by Mike Matheson.
11:06 of 3rd period - Deflect By Kirby Dach.
11:06 of 3rd period - Stopped by Anthony Stolarz without a rebound.
11:07 of 3rd period - Thomas Novak wins face-off versus Seth Jarvis in Nashville Predators zone.
11:14 of 3rd period - Backhand shot by Justin Braun.
11:14 of 3rd period - Stopped by John Gibson with a rebound.
11:16 of 3rd period - Slapshot by Justin Braun.
11:16 of 3rd period - Shot Misses the Net.
11:18 of 3rd period - Snap shot by Janne Kuokkanen.
11:18 of 3rd period - Stopped by John Gibson without a rebound.
11:19 of 3rd period - Zemgus Girgensons wins face-off versus Seth Jarvis in Los Angeles Kings zone.
11:35 of 3rd period - Slapshot by Pat Maroon.
11:35 of 3rd period - Goal by Pat Maroon - Nashville Predators : 2 - Los Angeles Kings : 1.
11:36 of 3rd period - Thomas Novak wins face-off versus Peyton Krebs in neutral zone.
12:02 of 3rd period - Brandon Saad is hit by Andrei Svechnikov and loses puck.
13:48 of 3rd period - Sam Gagner is hit by Dominik Kubalik and loses puck.
14:10 of 3rd period - Off-side.
14:11 of 3rd period - Matt Tennyson wins face-off versus Nolan Patrick in neutral zone.
14:22 of 3rd period - Backhand shot by Nolan Patrick.
14:22 of 3rd period - Stopped by John Gibson without a rebound.
14:23 of 3rd period - Seth Jarvis wins face-off versus Pat Maroon in Los Angeles Kings zone.
14:23 of 3rd period - Seth Jarvis is hit by Pat Maroon.
14:33 of 3rd period - K'Andre Miller is hit by Pat Maroon and loses puck.
14:57 of 3rd period - Snap shot by Peyton Krebs.
14:57 of 3rd period - Shot Blocked by Justin Braun.
14:59 of 3rd period - Snap shot by Ryan Reaves.
14:59 of 3rd period - Stopped by Anthony Stolarz with a rebound.
15:25 of 3rd period - Minor Penalty to Justin Braun for Interference.
15:26 of 3rd period - Tyler Gaudet wins face-off versus Brandon Saad in Nashville Predators zone.
15:37 of 3rd period - Snap shot by Seth Jarvis.
15:37 of 3rd period - Goal by Seth Jarvis - Nashville Predators : 2 - Los Angeles Kings : 2.
15:38 of 3rd period - Peyton Krebs wins face-off versus Thomas Novak in neutral zone.
15:43 of 3rd period - Wrist shot by Peyton Krebs.
15:43 of 3rd period - Shot Misses the Net.
15:45 of 3rd period - Snap shot by Vitaly Kravtsov.
15:45 of 3rd period - Shot Misses the Net.
15:47 of 3rd period - Snap shot by Peyton Krebs.
15:47 of 3rd period - Shot Misses the Net.
15:49 of 3rd period - Slapshot by Erik Brannstrom.
15:49 of 3rd period - Shot Misses the Net.
15:51 of 3rd period - Backhand shot by Erik Brannstrom.
15:51 of 3rd period - Stopped by Anthony Stolarz with a rebound.
16:03 of 3rd period - Artem Zub is hit by Kirby Dach and loses puck.
16:12 of 3rd period - Snap shot by Nicklas Backstrom.
16:12 of 3rd period - Shot Misses the Net.
16:27 of 3rd period - Slapshot by Andrei Svechnikov.
16:27 of 3rd period - Shot Misses the Net.
17:45 of 3rd period - Wrist shot by Ryan Carpenter.
17:45 of 3rd period - Deflect By Sam Gagner.
17:45 of 3rd period - Shot Misses the Net.
17:45 of 3rd period - Puck is out of play.
17:46 of 3rd period - Cooper Marody wins face-off versus Sam Gagner in Los Angeles Kings zone.
17:53 of 3rd period - Slapshot by Mike Matheson.
17:53 of 3rd period - Stopped by Anthony Stolarz with a rebound.
18:30 of 3rd period - Slapshot by Kirby Dach.
18:30 of 3rd period - Stopped by Anthony Stolarz without a rebound.
18:31 of 3rd period - Nicklas Backstrom wins face-off versus Nolan Patrick in Nashville Predators zone.
19:05 of 3rd period - Minor Penalty to Peyton Krebs for Roughing.
19:06 of 3rd period - Sam Gagner wins face-off versus Ryan Reaves in Los Angeles Kings zone.
19:06 of 3rd period - Slapshot by Cale Makar.
19:06 of 3rd period - Stopped by John Gibson with a rebound.
19:08 of 3rd period - Slapshot by Cale Makar.
19:08 of 3rd period - Stopped by John Gibson with a rebound.
19:10 of 3rd period - Wrist shot by Brandon Saad.
19:10 of 3rd period - Shot Blocked by Mike Matheson.
19:12 of 3rd period - Slapshot by Cale Makar.
19:12 of 3rd period - Stopped by John Gibson with a rebound.
19:41 of 3rd period - Icing by Zemgus Girgensons.
19:42 of 3rd period - Zemgus Girgensons wins face-off versus Ryan Reaves in Nashville Predators zone.
Goals for this period are 2 for Nashville Predators vs 1 for Los Angeles Kings.
Shots for this period are 17 for Nashville Predators vs 11 for Los Angeles Kings.
Overtime #1
0:01 of 1st overtime period - Ryan Reaves wins face-off versus Brandon Saad in neutral zone.
0:14 of 1st overtime period - Wrist shot by Ryan Reaves.
0:14 of 1st overtime period - Stopped by Anthony Stolarz without a rebound.
0:15 of 1st overtime period - Cooper Marody wins face-off versus Brandon Saad in Nashville Predators zone.
0:40 of 1st overtime period - Cale Makar is hit by Erik Brannstrom and loses puck.
1:05 of 1st overtime period - Penalty to Peyton Krebs is over, Peyton Krebs is back on ice.
1:37 of 1st overtime period - Wrist shot by Peyton Krebs.
1:37 of 1st overtime period - Stopped by Anthony Stolarz without a rebound.
1:38 of 1st overtime period - Kirby Dach wins face-off versus Sam Gagner in Nashville Predators zone.
1:53 of 1st overtime period - Wrist shot by Seth Jarvis.
1:53 of 1st overtime period - Deflect By Kirby Dach.
1:53 of 1st overtime period - Stopped by Anthony Stolarz with a rebound.
2:11 of 1st overtime period - Nate Schmidt is hit by Noah Dobson and loses puck.
2:30 of 1st overtime period - Icing by Nate Schmidt.
2:31 of 1st overtime period - Kirby Dach wins face-off versus Nick Bjugstad in Nashville Predators zone.
2:38 of 1st overtime period - Snap shot by Seth Jarvis.
2:38 of 1st overtime period - Shot Blocked by Jake Muzzin.
2:40 of 1st overtime period - Wrist shot by Seth Jarvis.
2:40 of 1st overtime period - Stopped by Anthony Stolarz with a rebound.
2:54 of 1st overtime period - Slapshot by Erik Brannstrom.
2:54 of 1st overtime period - Shot Blocked by Jake Muzzin.
3:08 of 1st overtime period - Artem Zub is hit by Kirby Dach and loses puck.
4:22 of 1st overtime period - Slapshot by Peyton Krebs.
4:22 of 1st overtime period - Shot Misses the Net.
4:24 of 1st overtime period - Slapshot by Erik Brannstrom.
4:24 of 1st overtime period - Stopped by Anthony Stolarz without a rebound.
4:25 of 1st overtime period - Brandon Saad wins face-off versus Nicklas Backstrom in Nashville Predators zone.
4:59 of 1st overtime period - Slapshot by Jake Muzzin.
4:59 of 1st overtime period - Stopped by John Gibson with a rebound.
Goals for this period are 0 for Nashville Predators vs 0 for Los Angeles Kings.
Shots for this period are 1 for Nashville Predators vs 5 for Los Angeles Kings.
ShootOut
5:00 of 1st overtime period - Round #1.
5:00 of 1st overtime period - Nashville Predators, Brandon Saad.
5:00 of 1st overtime period - Deke by Brandon Saad.
5:00 of 1st overtime period - Stopped by John Gibson.
5:00 of 1st overtime period - Los Angeles Kings, Tyler Gaudet.
5:00 of 1st overtime period - Wrist shot by Tyler Gaudet.
5:00 of 1st overtime period - Stopped by Anthony Stolarz.
5:00 of 1st overtime period - Round #2.
5:00 of 1st overtime period - Nashville Predators, Corey Perry.
5:00 of 1st overtime period - Backhand shot by Corey Perry.
5:00 of 1st overtime period - Shot Misses the Net.
5:00 of 1st overtime period - Los Angeles Kings, Nicklas Backstrom.
5:00 of 1st overtime period - Wrist shot by Nicklas Backstrom.
5:00 of 1st overtime period - Stopped by Anthony Stolarz.
5:00 of 1st overtime period - Round #3.
5:00 of 1st overtime period - Nashville Predators, Sam Gagner.
5:00 of 1st overtime period - Snap shot by Sam Gagner.
5:00 of 1st overtime period - Shot Misses the Net.
5:00 of 1st overtime period - Los Angeles Kings, Kirby Dach.
5:00 of 1st overtime period - Snap shot by Kirby Dach.
5:00 of 1st overtime period - Stopped by Anthony Stolarz.
5:00 of 1st overtime period - Round #4.
5:00 of 1st overtime period - Nashville Predators, Pat Maroon.
5:00 of 1st overtime period - Snap shot by Pat Maroon.
5:00 of 1st overtime period - Goal by Pat Maroon.
5:00 of 1st overtime period - Los Angeles Kings, Dominik Kubalik.
5:00 of 1st overtime period - Deke by Dominik Kubalik.
5:00 of 1st overtime period - Stopped by Anthony Stolarz.
Back to the Top